 Dungeon Crawl Stone Soup version 0.31-a0-1-g4198be8af4 (webtiles) character file.

Game seed: 16611983479785207492

64 jasper the Grave Robber (level 3, -1/24 HPs)
             Began as a Demonspawn Necromancer on May 2, 2023.
             Slain by a worm (10 damage)
             ... on level 2 of the Dungeon.
             The game lasted 00:02:38 (1278 turns).

jasper the Grave Robber (Demonspawn Necromancer)    Turns: 1278, Time: 00:02:39

Health: -1/24      AC:  2    Str:  8    XL:     3   Next: 91%
Magic:  0/6        EV: 14    Int: 18    God:
Gold:   61         SH:  0    Dex: 13    Spells: 2/6 levels left

rFire   . . .        l - +0 whip (freeze)
rCold   . . .        f - orb {light}
rNeg    . . .        a - +0 robe
rPois   .            (helmet restricted)
rElec   .            (no cloak)
rCorr   .            (no gloves)
SInv    .            (no boots)
Will    .....        (no amulet)
Stlth   +            (no ring)
HPRegen 0.24/turn    (no ring)
MPRegen 0.10/turn

%: no passive effects
@: glowing
A: horns 1, repulsion field 1
a: no special abilities


You were on level 2 of the Dungeon.
You visited 1 branch of the dungeon, and saw 2 of its levels.

You collected 61 gold pieces.

Inventory:

Hand Weapons
 d - a +0 short sword
 l - a +0 whip of freezing (weapon)
Missiles
 c - 23 stones
 e - 4 poisoned darts
Armour
 a - a +0 robe (worn)
 f - an orb of light (worn)
Magical Staves
 k - a staff of poison
Scrolls
 b - 5 scrolls of noise
 g - a scroll of teleportation
 j - 2 scrolls of identify
Potions
 i - a potion of curing


   Skills:
 - Level 1.7 Dodging
 - Level 1.7 Stealth
 - Level 2.0 Spellcasting
 + Level 6.1 Necromancy


You had 2 spell levels left.
You knew the following spells:

 Your Spells              Type           Power      Damage    Failure   Level
a - Necrotise             Necr           92%        1d8       1%          1
b - Vampiric Draining     Necr           23%        2d7       4%          3

Your spell library contained the following spells:

 Spells                   Type           Power      Damage    Failure   Level
 Summon Small Mammal      Summ           4%         N/A       19%         1
 Animate Dead             Necr           23%        N/A       14%         4
 Agony                    Necr           23%        N/A       38%         5
 Call Canine Familiar     Summ           1%         N/A       47%         3
 Gell's Gravitas          Tloc           1%         N/A       47%         3
 Summon Guardian Golem    Hex/Summ       1%         N/A       47%         3
 Teleport Other           Tloc           1%         N/A       47%         3
 Dispersal                Tloc           0%         N/A       100%        6


Dungeon Overview and Level Annotations

Branches:
Dungeon (2/15)

Altars:


Innate Abilities, Weirdness & Mutations

You have a pair of small horns on your head.
You are surrounded by a mild repulsion field. (EV +2)


Message History

You are no longer poisoned.
You take 2 damage, and have 14/24 hp.
You don't currently have any unidentified items.
Unknown command.
Your goblin skeleton crumbles into dust!
A worm comes into view.
You regained 3 hp, and now have 17/24 hp.
A worm is nearby!
A worm is nearby!
Aiming: Necrotise (safe; 1% risk of failure)
Press: ? - help, Q - select action, (/) - cycle Shift-Dir - straight line, f - worm
Aim: a worm (chance to affect: 87%)
The worm writhes in agony.
You now have 1/6 mp.
Aiming: Necrotise (safe; 1% risk of failure)
Press: ? - help, Q - select action, (/) - cycle Shift-Dir - straight line, f/p - worm
Aim: a worm (haloed, chance to affect: 87%)
The worm barely resists.
You now have 0/6 mp.
Aiming: Necrotise (safe; 1% risk of failure)
Press: ? - help, Q - select action, (/) - cycle Shift-Dir - straight line, f/p - worm
Aim: a worm (haloed, chance to affect: 87%)
The worm writhes in agony.
You now have 0/6 mp.
You hit the worm but do no damage.
The worm is moderately wounded.
The worm bites you!
You take 11 damage, and have 8/24 hp.
MASSIVE DAMAGE!!
You hit the worm. You freeze the worm.
The worm is heavily wounded.
The worm closely misses you.
You hit the worm but do no damage.
The worm is heavily wounded.
You hit the worm. You freeze the worm.
The worm is severely wounded.
The worm closely misses you.
You hit the worm. You freeze the worm.
The worm is almost dead.
The worm bites you!
You die...

..........#
..>..#..#.###
#.....#..#...#
+....
#..###†#####
#.... #..#
#)....# ...
#..# ##....#
#..# #....+
#..# #....#
#.@..# #..w.#
#....# .......
##.......
#.........
#.........
##########


You could see a worm.

Vanquished Creatures
  An adder (D:2)
  A gnoll (D:1)
  A dart slug (D:1)
  A ball python (D:1)
  3 bats (D:1)
  2 endoplasms (D:1)
  6 giant cockroaches
  3 goblins
  A hobgoblin (D:1)
  7 jackals (D:1)
  2 quokkas (D:1)
  A frilled lizard (D:1)
  2 kobolds (D:1)
  A rat (D:1)
32 creatures vanquished.

Vanquished Creatures (collateral kills)
  2 ball pythons (D:1)
  A jackal (D:1)
  A frilled lizard (D:2)
4 creatures vanquished.

Grand Total: 36 creatures vanquished

Notes
Turn   | Place    | Note
-------+----------+-------------------------------------------
     0 | D:1      | jasper the Demonspawn Necromancer began the quest for the
                  | Orb.
     0 | D:1      | Reached XP level 1. HP: 13/13 MP: 3/3
   225 | D:1      | Gained mutation: You are surrounded by a mild repulsion
                  | field. (EV +2) [demonic ancestry]
   225 | D:1      | Reached XP level 2. HP: 5/19 MP: 0/5
   381 | D:1      | Reached skill level 5 in Necromancy
   525 | D:1      | Gained mutation: You have a pair of small horns on your
                  | head. [demonic ancestry]
   525 | D:1      | Reached XP level 3. HP: 24/24 MP: 3/6
  1151 | D:2      | Learned a level 3 spell: Vampiric Draining
  1250 | D:2      | Reached skill level 6 in Necromancy
  1278 | D:2      | Slain by a worm

Illustrated notes

Levels and vault maps discovered:
D:1:      giann_bridges, layout_basic
D:2:      layout_basic, uniq_natasha

Skill      XL: |  1  2  3 |
---------------+----------+-----
Necromancy     | 5 6 |  6.1
Dodging        | |  1.7
Stealth        | |  1.7
Spellcasting   | |  2.0

Action                     || total
---------------------------++-------
  Melee: Unarmed           ||    13
         Short sword       ||     8
         Whip              ||    21
   Cast: Necrotise         ||    49
    Use: Potion            ||     1
         Scroll            ||     4
 Armour: Robe              ||     5
  Dodge: Dodged            ||    48

Table legend: (Time is in decaauts)
 A = Elapsed time spent in this place.
 B = Non-inter-level travel time spent in this place.
 C = Inter-level travel time spent in this place.
 D = Time resting spent in this place.
 E = Time spent auto-exploring this place.
 F = Levels seen in this place.
 G = Mean time per level.
                   A        B        C        D        E       F      G
               +--------+--------+--------+--------+--------+-----+--------+
         Total |   1278 |   1256 |     22 |     90 |    909 |   2 |  639.0 |
       Dungeon |   1278 |   1256 |     22 |     90 |    909 |   2 |  639.0 |
               +--------+--------+--------+--------+--------+-----+--------+

Top non-repeatable levels by time:
     D:1: 1067 daAuts
     D:2: 211 daAuts
